Map: Nova Repugnância LE

Players

jomare

  • Race: Protoss Protoss
  • League: Master
  • Spawn Location: 7:00

DakkoN - Winner!

  • Race: Terran Terran
  • League: Master
  • Spawn Location: 1:00

VOD

Have the link to the VOD?

Description

Time

  • Played on: Jan. 26, 2019, 2:10 p.m.
  • Length: 5:03
Show
View Real Time Build Order
Export as new Build Order

jomare Protoss 

Build Orders: Phoenix Opening 

Get SALT Encoding   

  12  0:00  Probe  
  13  0:13  Probe  
  14  0:18  Pylon  
  14  0:24  Probe  
  15  0:32  Probe  
  15  0:39  Gateway  
  15  0:40  Probe  
  17  0:50  Assimilator  
  17  0:51  Probe  
  18  1:03  Probe  
  19  1:15  Probe  
  20  1:27  Cybernetics Core  
  20  1:33  Assimilator  
  20  1:35  Pylon  
  20  1:37  Probe  
  21  1:49  Probe  
  22  1:55  Adept  
  23  2:01  Probe  
  25  2:13  Probe  
  26  2:15  Stargate  
  26  2:25  Adept, Probe  
  26  2:26  Warp Gate  
  29  2:37  Probe  
  29  2:42  Pylon  
  30  2:49  Probe  
  31  3:01  Nexus, Phoenix  
  33  3:16  Gateway  
  33  3:21  Gateway, Phoenix  
  35  3:37  Probe  
  36  3:47  Pylon  
  36  3:54  Robotics Facility  
  34  3:56  Phoenix  
  34  3:57  Gateway  
  34  3:59  Gateway  
  36  4:14  Robotics Facility  
  36  4:15  Pylon  
  36  4:18  Adept  
  38  4:25  Oracle  
  38  4:27  Pylon  
  29  4:47  Pylon  
Show
View Real Time Build Order
Export as new Build Order

DakkoN Terran - Winner!

Build Orders: 1/1/1, Banshee Rush 

Get SALT Encoding   

  12  0:00  SCV  
  13  0:12  SCV  
  14  0:18  Supply Depot  
  14  0:24  SCV  
  15  0:29  Refinery  
  15  0:40  SCV  
  16  0:46  Barracks  
  16  0:52  SCV  
  17  0:58  Refinery  
  17  1:04  SCV  
  18  1:16  SCV  
  19  1:34  Factory  
  19  1:37  Orbital Command  
  19  1:50  Barracks Reactor  
  19  1:54  Supply Depot  
  19  2:03  SCV  
  20  2:18  Starport  
  20  2:19  Factory Tech Lab  
  20  2:22  SCV  
  21  2:26  Marine x2  
  23  2:31  Supply Depot  
  23  2:34  SCV  
  24  2:43  Factory Tech Lab, Marine  
  24  2:44  Marine  
  26  2:54  SCV  
  27  3:01  Cloaking Field, Banshee  
  30  3:09  Siege Tank  
  33  3:14  Marine x2  
  35  3:20  Supply Depot  
  35  3:26  Supply Depot  
  35  3:32  Marine x2  
  37  3:42  Siege Tank  
  40  3:56  Banshee  
  40  3:57  Marine x2  
  40  4:02  SCV  
  46  4:05  Supply Depot  
  46  4:14  Marine  
  46  4:15  Marine  
  48  4:18  Siege Tank  
Tags
 
Add a new tag
Caveats
  • Supply blocks, unpowered buildings, or Contaminate may cause inaccurate times.
  • Supply counts are checked every 10 seconds.